Map: [ESL] Ancient Cistern

Players

PtitDrogo - Winner!

  • Race: Protoss Protoss
  • Spawn Location: 7:00

Molten

  • Race: Protoss Protoss
  • Spawn Location: 1:00

Event: ESL SC2 Masters 2023 Summer (Finals)

VOD

Have the link to the VOD?

Description

Time

  • Played on: June 16, 2023, 10:32 a.m.
  • Length: 7:47

All games in this series

Show
View Real Time Build Order
Export as new Build Order

PtitDrogo Protoss - Winner!

Build Orders: Zealot Archon 

Get SALT Encoding   

  12  0:00  Probe  
  13  0:12  Probe  
  14  0:17  Pylon  
  14  0:24  Probe (Chrono Boost)  
  15  0:36  Probe (Chrono Boost)  
  15  0:37  Gateway  
  16  0:45  Probe (Chrono Boost)  
  16  0:46  Assimilator  
  17  0:51  Probe  
  17  0:54  Assimilator  
  18  1:03  Probe (Chrono Boost)  
  19  1:07  Gateway  
  19  1:13  Probe (Chrono Boost)  
  20  1:18  Probe  
  20  1:24  Cybernetics Core  
  21  1:31  Probe  
  22  1:36  Pylon  
  22  1:43  Probe  
  23  1:54  Gateway  
  23  2:00  Stalker  
  25  2:05  Warp Gate (Chrono Boost), Stalker  
  27  2:14  Probe  
  28  2:21  Pylon  
  28  2:25  Shield Battery  
  28  2:41  Stalker x2  
  32  2:55  Robotics Facility  
  32  3:06  Shield Battery  
  32  3:12  Gateway  
  32  3:17  Probe  
  33  3:23  Pylon  
  33  3:35  Probe  
  33  3:37  Nexus  
  34  3:46  Adept  
  34  3:47  Adept  
  37  3:49  Probe (Chrono Boost)  
  38  4:01  Probe (Chrono Boost)  
  39  4:03  Observer  
  39  4:07  Probe (Chrono Boost)  
  41  4:16  Probe  
  38  4:25  Adept x2  
  38  4:28  Probe  
  38  4:29  Pylon  
  41  4:41  Immortal  
  41  4:44  Probe (Chrono Boost)  
  47  4:54  Probe (Chrono Boost)  
  47  4:55  Probe (Chrono Boost)  
  47  4:56  Sentry x2  
  52  5:02  Probe (Chrono Boost)  
  52  5:03  Probe (Chrono Boost)  
  54  5:07  Probe (Chrono Boost)  
  54  5:10  Probe  
  54  5:17  Twilight Council  
  54  5:19  Probe  
  54  5:20  Gateway  
  53  5:22  Gateway  
  53  5:25  Probe  
  54  5:31  Probe, Shield Battery  
  54  5:34  Observer (Chrono Boost)  
  56  5:38  Probe  
  56  5:42  Gateway  
  57  5:43  Gateway  
  57  5:44  Probe  
  57  5:47  Adept  
  60  5:51  Probe  
  60  5:53  Adept  
  60  5:56  Probe  
  64  6:02  Charge (Chrono Boost)  
  64  6:05  Templar Archives  
  64  6:06  Assimilator  
  64  6:09  Assimilator  
  64  6:16  Pylon  
  64  6:19  Forge  
  64  6:22  Pylon  
  64  6:27  Gateway  
  64  6:28  Gateway  
  64  6:42  Warp Prism (Chrono Boost)  
  66  6:47  High Templar x2, Zealot x2  
  66  6:52  Archon  
  74  6:59  Pylon  
  74  7:00  Pylon  
  74  7:04  Zealot x2  
  78  7:12  Shield Battery  
  78  7:18  High Templar x2  
  78  7:20  Zealot x2  
  86  7:24  Archon  
  86  7:26  Zealot x2  
  90  7:34  Stalker x2  
Show
View Real Time Build Order
Export as new Build Order

Molten Protoss 

Build Orders:  

Get SALT Encoding   

  12  0:00  Probe  
  13  0:12  Probe  
  14  0:18  Pylon  
  14  0:24  Probe  
  15  0:33  Pylon  
  15  0:36  Probe (Chrono Boost)  
  16  0:48  Probe (Chrono Boost)  
  17  0:52  Gateway  
  17  0:53  Probe (Chrono Boost)  
  18  1:00  Assimilator  
  18  1:05  Probe  
  18  1:09  Assimilator  
  19  1:18  Probe  
  20  1:31  Probe  
  21  1:38  Zealot (Chrono Boost)  
  23  1:41  Cybernetics Core  
  23  1:43  Probe  
  24  1:56  Zealot  
  26  2:06  Probe  
  27  2:18  Probe  
  27  2:21  Stargate  
  26  2:47  Nexus  
  26  2:49  Pylon  
  24  2:56  Robotics Facility  
  27  3:13  Void Ray (Chrono Boost)  
  27  3:17  Shield Battery  
  27  3:20  Probe  
  28  3:28  Pylon  
  28  3:45  Immortal (Chrono Boost)  
  36  4:08  Void Ray  
  33  4:23  Probe (Chrono Boost)  
  33  4:27  Probe (Chrono Boost)  
  32  4:32  Observer  
  32  4:34  Probe (Chrono Boost)  
  35  4:39  Probe (Chrono Boost)  
  35  4:46  Pylon  
  35  4:53  Immortal  
  35  4:57  Probe  
  35  4:59  Probe  
  41  5:10  Probe (Chrono Boost)  
  40  5:16  Probe (Chrono Boost)  
  41  5:22  Probe (Chrono Boost)  
  41  5:27  Probe (Chrono Boost)  
  42  5:29  Probe (Chrono Boost)  
  42  5:31  Observer  
  42  5:32  Probe (Chrono Boost)  
  44  5:37  Immortal  
  44  5:40  Probe  
  49  5:43  Probe  
  53  5:50  Oracle  
  53  5:52  Probe  
  53  5:58  Probe, Pylon  
  53  6:03  Pylon  
  54  6:17  Oracle  
  54  6:21  Immortal (Chrono Boost)  
  58  6:30  Probe x2  
  63  6:35  Pylon  
  63  6:45  Pylon  
  63  6:55  Immortal (Chrono Boost)  
  67  7:04  Nexus  
  67  7:05  Probe, Pylon  
  67  7:07  Probe  
  69  7:16  Pylon  
  69  7:17  Probe  
Tags
 
Add a new tag
Caveats
  • Supply blocks, unpowered buildings, or Contaminate may cause inaccurate times.
  • Supply counts are checked every 10 seconds.